 Dungeon Crawl Stone Soup version 0.29.1-13-g9f3cf754e1 (webtiles) character file.

Game seed: 15477230152202519505

793 croobank the Sneak (level 7, 0/58 HPs)
             Began as a Demigod Delver on Jan 24, 2023.
             Slain by a gnoll
             ... wielding a +0 halberd
              (4 damage)
             ... on level 5 of the Dungeon.
             The game lasted 00:16:08 (6739 turns).

croobank the Sneak (Demigod Delver)                 Turns: 6739, Time: 00:16:08

Health: 0/58       AC:  4    Str: 13    XL:     7   Next: 31%
Magic:  0/13       EV: 12    Int: 20    God:
Gold:   358        SH:  0    Dex: 15    Spells: 10/10 levels left

rFire   . . .      SeeInvis .   y - +8 quarterstaff
rCold   . . .      Faith    .   (shield currently unavailable)
rNeg    . . .      Spirit   +   b - +0 leather armour
rPois   .          Reflect  .   w - +0 helmet
rElec   .          Harm     .   (no cloak)
rCorr   .          Rampage  .   (no gloves)
Will    .....                   (no boots)
Stlth   +++.......              l - amulet of guardian spirit
HPRegen 0.19/turn               (no ring)
MPRegen 0.13/turn               (no ring)

@: no status effects
A: high MP 1, forlorn, divine attributes
a: no special abilities


You were on level 5 of the Dungeon.
You visited 1 branch of the dungeon, and saw 6 of its levels.
You visited the Abyss 1 time.

You collected 358 gold pieces.

Inventory:

Hand Weapons
 a - a +2 short sword of protection
 k - a +0 long sword
 r - a +0 dagger of freezing
 t - a +0 dagger of venom
 v - a +2 vampiric falchion
 y - a +8 quarterstaff (weapon)
Missiles
 h - 9 poisoned darts (quivered)
Armour
 b - a +0 leather armour (worn)
 w - a +0 helmet (worn)
Jewellery
 l - an amulet of guardian spirit (around neck)
 I - an amulet of reflection
Wands
 g - a wand of digging (3)
 m - a wand of charming (7)
Scrolls
 d - 3 scrolls of magic mapping
 f - a scroll of blinking {unknown}
 i - a scroll of teleportation {unknown}
 j - a scroll of noise {unknown}
 n - 2 scrolls of enchant armour {unknown}
 s - a scroll of torment {unknown}
 x - 3 scrolls of identify
 B - 2 scrolls of enchant weapon {unknown}
 D - a scroll of summoning {unknown}
 E - a scroll of vulnerability {unknown}
 F - a scroll of silence {unknown}
Potions
 p - 3 potions of curing
 q - 2 potions of magic {unknown}
 u - 3 potions of lignification {unknown}
 z - 2 potions of attraction {unknown}
 A - a potion of ambrosia {unknown}
 C - a potion of degeneration {unknown}
 G - a potion of brilliance {unknown}
 H - a potion of flight {unknown}


   Skills:
 - Level 3.9 Fighting
 - Level 3.3 Short Blades
 + Level 4.0 Staves
 - Level 3.4 Dodging
 - Level 5.5 Stealth
 - Level 2.1 Spellcasting


You had 10 spell levels left.
You didn't know any spells.
Your spell library contained the following spells:

 Spells                   Type           Power      Damage    Failure   Level
 Necrotise                Necr           8%         1d4       21%         1
 Vampiric Draining        Necr           2%         2d6       52%         3
 Agony                    Necr           2%         N/A       99%         5


Dungeon Overview and Level Annotations

Branches:
Dungeon (6/15)
 Temple: D:4-7

Annotations:
D:6 Maggie


Innate Abilities, Weirdness & Mutations

You have an increased reservoir of magic. (+10% MP)
You shall have no god before yourself.
Your divine heritage dramatically boosts your attributes as you level up.


Message History

You hit the gnoll.
The gnoll is moderately wounded.
The gnoll hits you with a +0 club.
The gnoll hits you from afar with a +0 halberd!
The gnoll hits you with a +0 club.
You sock the gnoll!
You kill the gnoll!
The gnoll hits you with a +0 club.
The gnoll hits you from afar with a +0 halberd.
Your Staves skill increases to level 4!
You are too injured to fight recklessly!
You are too injured to fight recklessly!
You are too injured to fight recklessly!
You are too injured to fight recklessly!
You see here 12 gold pieces.
The gnoll attacks as you move away! The gnoll hits you with a +0 club.
The gnoll attacks as you move away! The gnoll closely misses you.
The gnoll attacks as you move away! The gnoll hits you with a +0 club.
The gnoll attacks as you move away! The gnoll hits you with a +0 club.
* * * LOW HITPOINT WARNING * * *
Okay, then.
As you read the scroll of fog, it crumbles to dust.
The scroll dissolves into smoke.
The gnoll hits you with a +0 club!
* * * LOW HITPOINT WARNING * * *
Okay, then.
The air fills with toxic fumes!
As you read the scroll labelled AMNUIW HYUNOCK, it crumbles to dust.
It was a scroll of poison.
The gnoll misses you.
The gnoll hits you from afar with a +0 halberd!
* * * LOW HITPOINT WARNING * * *
As you read the scroll labelled ROFEOCUBERYINN, it crumbles to dust.
It is a scroll of identify.
p - 3 potions of curing The gnoll barely misses you.
The gnoll closely misses you.
Aiming: Charm
Press: ? - help, Shift-Dir - straight line, f - gnoll
Aim: a gnoll, wielding a +0 club (black smoke, chance to affect: 57%)
The gnoll is charmed.
The gnoll hits you from afar with a +0 halberd.
You die...

# #..##.#
#.##.####.#.###
#..##.#####.##.# ##.##
# # #..##......#...#
#.# #
#[.#####..########.####
#.# # #.....g.g.# #.#
#.#### #....g..#g# #.#
...... ####.##.#.# #.#
...###
#.#.#.#§########§# >..
#.# #...§§§§gg@§§§#
##.#### ##
#.############§# #.
#........#.# .# #.
#.########.# #.# #. #.#
#.# #.# #. #.# #.# #.#
#. #.# #.# #.# #. #.#
#.# #.# #.
#.########.######.# #.


You could see a gnoll and a friendly gnoll (charmed).

Vanquished Creatures
  2 ice beasts (D:5)
  An ogre (D:4)
  A black bear (D:5)
  Blork the orc (D:4)
  A necrophage (D:4)
  A scorpion (D:4)
  A gnoll bouda (D:3)
  An iguana (D:4)
  Robin (D:2)
  5 gnolls
  5 adders
  3 worms
  6 dart slugs
  An orc (D:4)
  3 bats
  6 endoplasms
  5 giant cockroaches
  13 goblins
  7 hobgoblins
  4 jackals (D:4)
  A quokka (D:1)
  12 ball pythons
  3 frilled lizards
  6 kobolds
  5 rats
95 creatures vanquished.

Vanquished Creatures (others)
  8 plants (D:3)
8 creatures vanquished.

Grand Total: 103 creatures vanquished

Notes
Turn   | Place    | Note
-------+----------+-------------------------------------------
     0 | D:5      | croobank the Demigod Delver began the quest for the Orb.
     0 | D:5      | Reached XP level 1. HP: 18/18 MP: 3/3
    57 | D:6      | Noticed Maggie
    62 | Abyss:2  | Cast into level 2 of the Abyss (Maggie)
    93 | D:6      | Escaped the Abyss
   589 | D:2      | Reached XP level 2. HP: 25/25 MP: 4/4
  1508 | D:1      | You fall into a shaft and drop 1 floor!
  1575 | D:2      | Reached XP level 3. HP: 31/31 MP: 5/5
  2042 | D:2      | Noticed Robin
  2447 | D:2      | Reached XP level 4. HP: 36/38 MP: 7/7
  2598 | D:2      | Reached skill level 5 in Stealth
  2738 | D:2      | Killed Robin
  3234 | D:3      | Reached skill level 1 in Spellcasting
  4135 | D:4      | Noticed an ogre
  4264 | D:4      | Noticed a necrophage
  4275 | D:4      | Killed a necrophage
  4276 | D:4      | Reached XP level 5. HP: 33/45 MP: 6/9
  4355 | D:4      | Killed an ogre
  4366 | D:4      | Reached XP level 6. HP: 23/52 MP: 5/11
  5958 | D:4      | Noticed Blork the orc
  5973 | D:4      | Killed Blork the orc
  6137 | D:4      | Reached skill level 1 in Staves
  6382 | D:5      | Reached XP level 7. HP: 27/58 MP: 3/13
  6739 | D:5      | Slain by a gnoll

Illustrated notes

Levels and vault maps discovered:
D:1:      reono_arrival_forest_river, layout_loops_ring,
          shapermc_ecumenical_altar_pompeii, chequers_serial_rivers_micro_a
D:2:      layout_basic, uniq_robin
D:3:      layout_loops_cross, portal_sewer_entry_b, serial_bayou,
          serial_bayou_ford_a, serial_bayou_lake_a, serial_bayou_pond_e,
          serial_bayou_pond_d, serial_bayou_shore_b, serial_bayou_shore_a
D:4:      cheibrodos_quashed, layout_cave_pools,
          beargit_hepliaklqana_dungeon_heroes, mainiacjoe_overflow_divided_tiny
D:5:      layout_loops_ring, overflow_temple_1_default
D:6:      layout_rooms, mainiacjoe_overflow_brackets, uniq_maggie,
          uniq_blork_the_orc

Skill      XL: |  1  2  3  4  5  6  7 |
---------------+----------------------+-----
Short Blades   | 2 3 |  3.3
Dodging        | 2 3 |  3.4
Fighting       | 3 |  3.9
Stealth        | 5 |  5.5
Spellcasting   | 1 2 |  2.1
Staves         | 3 4 |  4.0

Action                   |  1- 3 |  4- 6 |  7- 9 || total
-------------------------+-------+-------+-------++-------
Melee: Short sword       |   156 |   107 |       ||   263
       Falchion          |       |    71 |       ||    71
       Quarterstaff      |       |    23 |     9 ||    32
       Dagger            |       |     6 |       ||     6
       Punch             |       |     2 |       ||     2
Throw: Dart              |       |    17 |       ||    17
Evoke: Wand              |       |     7 |     1 ||     8
  Use: Scroll            |     1 |       |     3 ||     4
       Potion            |     2 |     2 |       ||     4
 Stab: Distracted        |     1 |       |       ||     1
       Sleeping          |     9 |     6 |     1 ||    16
Armor: Leather armour    |    48 |    43 |     2 ||    93
Dodge: Dodged            |   105 |   119 |    16 ||   240
